 Dungeon Crawl Stone Soup version 0.26-a0-1053-gaff5f71418 (webtiles) character file.

Game seed: 993105770060596542

360 streetpizza the Conjurer (level 6, 0/36 HPs)
             Began as a Tengu Conjurer on Dec 12, 2020.
             Was an Initiate of Vehumet.
             Slain by a gnoll sergeant
             ... wielding a +1 spear of freezing
              (2 damage)
             ... on level 5 of the Dungeon.
             The game lasted 00:12:35 (5490 turns).

streetpizza the Conjurer (Tengu Conjurer)           Turns: 5490, Time: 00:12:37

Health: 0/36       AC:  3    Str:  7    XL:     6   Next: 65%
Magic:  11/11      EV: 17    Int: 21    God:    Vehumet [......]
Gold:   304        SH:  0    Dex: 18    Spells: 8/11 levels left

rFire    . . .     SeeInvis .   w - +4 flail
rCold    . . .     Faith    .   (no shield)
rNeg     . . .     Spirit   .   a - +0 robe
rPois    .         Reflect  .   (helmet restricted)
rElec    .         Harm     .   (no cloak)
rCorr    +         Rampage  .   z - +0 pair of gloves (curse)
Will     .....                  (boots unavailable)
Stlth    ++........             (no amulet)
HPRegen  0.12/turn              b - ring of resist corrosion
MPRegen  0.12/turn              k - +6 ring of dexterity

@: marked, attractive, flying quickly and evasively, quick
A: beak, talons 3, able to fly
a: Stop Flying, Renounce Religion


You were on level 5 of the Dungeon.
You worshipped Vehumet.
Vehumet was noncommittal.
You visited 2 branches of the dungeon, and saw 6 of its levels.

You collected 304 gold pieces.

Inventory:

Hand Weapons
 w - a +4 flail (weapon)
Armour
 a - a +0 robe (worn)
 z - a cursed +0 pair of gloves (worn)
Jewellery
 b - a ring of resist corrosion (left hand)
 k - a +6 ring of dexterity (right hand)
 o - an uncursed ring of stealth
 v - an uncursed ring of ice
Wands
 A - a wand of random effects (9)
Scrolls
 c - 2 scrolls of noise {unknown}
 d - a scroll of fog {unknown}
 e - 5 scrolls of identify
 g - 9 scrolls of remove curse {unknown}
 l - 3 scrolls of teleportation {unknown}
 m - a scroll of enchant weapon {unknown}
 q - a scroll of immolation {unknown}
 s - 3 scrolls of magic mapping
 u - 3 scrolls of fear {unknown}
 y - 2 scrolls of blinking {unknown}
 D - a scroll of random uselessness {unknown}
Potions
 f - a potion of resistance {unknown}
 h - a potion of heal wounds {unknown}
 i - 3 potions of attraction
 j - 2 potions of haste {unknown}
 n - a potion of invisibility {unknown}
 p - a potion of lignification {unknown}
 r - a potion of mutation {unknown}
 t - 2 potions of curing
 x - a potion of cancellation {unknown}
 B - 2 potions of brilliance {unknown}
 C - a potion of might {unknown}


   Skills:
 + Level 2.6 Fighting
 + Level 3.8 Dodging
 - Level 2.0 Stealth
 + Level 3.3 Spellcasting
 * Level 7.6 Conjurations


You had 8 spell levels left.
You knew the following spells:

 Your Spells              Type           Power        Failure   Level
a - Magic Dart            Conj           ####         1%          1
b - Searing Ray           Conj           #####.       1%          2

Your spell library contained the following spells:

 Spells                   Type           Power        Failure   Level
 Dazzling Flash           Conj/Hex       ###...       9%          3
 Fulminant Prism          Conj/Hex       ###.......   26%         4
 Iskenderun's Mystic Bla  Conj/Tloc      ###.....     26%         4


Dungeon Overview and Level Annotations

Branches:
Dungeon (5/15)             Temple (1/1) D:4

Altars:
Ashenzari
Cheibriados
Dithmenos
Fedhas
Gozag
Hepliaklqana
Makhleb
Nemelex Xobeh
Qazlal
Sif Muna
Trog
Uskayaw
Vehumet
Wu Jian
Xom
Yredelemnul
The Shining One


Innate Abilities, Weirdness & Mutations

You have a beak for a mouth.
You have claws for feet.
You can fly continuously.


Message History

A gnoll comes into view. It is wielding a +0 spear.
As you read the scroll labelled SIHITI POSE, it crumbles to dust.
It is a scroll of identify.
s - 3 scrolls of magic mapping The gnoll sergeant barely misses you.
The gnoll hits you with a +0 club.
* * * LOW HITPOINT WARNING * * *
It was a potion of curing.
You feel better.
An orc comes into view. It is wielding a +0 hand axe.
The gnoll sergeant hits you from afar with a +1 spear of freezing!
* * * LOW HITPOINT WARNING * * *
The gnoll sergeant freezes you.
* * * LOW HITPOINT WARNING * * *
It was a potion of attraction.
You feel attractive to monsters. The gnoll closely misses you.
The centaur shoots an arrow.
The arrow misses you.
The gnoll sergeant hits you from afar with a +1 spear of freezing.
* * * LOW HITPOINT WARNING * * *
The gnoll sergeant freezes you.
You die...

######'###'##.###.
##############.###.######.
#...'.c..........#........
#...#............#........
#...#............#........
#...#.....(......#........
##..##(###c###..##....##..
#..##.###(#######....####
#....ggg@..# #.........
#....o#.(..# #.........
#.....###### .... #.....#
#.. #.....# #.. #......
#+####.. ........ ........
........


You could see a gnoll sergeant, a centaur, 2 gnolls and an orc.

Vanquished Creatures
  A bullfrog skeleton (D:4)
  A hound (D:2)
  An orc wizard (D:4)
  Natasha (thrice) (D:4)
  A worker ant (D:4)
  A gnoll (D:3)
  6 adders
  An ooze (D:3)
  2 worms
  2 dart slugs
  3 leopard geckos
  14 orcs
  5 giant cockroaches
  13 goblins
  4 hobgoblins
  6 kobolds
  A quokka (D:4)
  A ball python (D:3)
  5 bats
  8 frilled lizards
  10 rats
89 creatures vanquished.

Notes
Turn   | Place    | Note
-------+----------+-------------------------------------------
     0 | D:1      | streetpizza the Tengu Conjurer began the quest for the Orb.
     0 | D:1      | Reached XP level 1. HP: 10/10 MP: 4/4
     2 | D:1      | Noticed a minotaur
     2 | D:1      | Noticed a vampire
     4 | D:1      | Noticed a gargoyle
     4 | D:1      | Noticed a demigod
     6 | D:1      | Noticed a formicid
     6 | D:1      | Noticed an ogre
     8 | D:1      | Noticed a spriggan
    10 | D:1      | Noticed a human
    10 | D:1      | Noticed a halfling
    12 | D:1      | Noticed a draconian
    12 | D:1      | Noticed a felid
    14 | D:1      | Noticed a merfolk
    14 | D:1      | Noticed a naga
    16 | D:1      | Noticed an elf
    16 | D:1      | Noticed a vine stalker
    19 | D:1      | Noticed a ghoul
    22 | D:1      | Noticed a dwarf
    24 | D:1      | Noticed an octopode
    24 | D:1      | Noticed a demonspawn
    26 | D:1      | Noticed a troll
    28 | D:1      | Noticed a centaur
    28 | D:1      | Noticed a tengu
   309 | D:1      | Reached XP level 2. HP: 16/16 MP: 6/6
   315 | D:1      | Learned a level 2 spell: Searing Ray
   930 | D:1      | Reached XP level 3. HP: 20/20 MP: 7/7
  1143 | D:2      | Reached skill level 1 in Fighting
  1189 | D:2      | Reached skill level 6 in Conjurations
  1258 | D:2      | Found an opulent altar of Gozag.
  1485 | D:2      | Found a burning altar of Makhleb.
  1501 | D:2      | Reached XP level 4. HP: 6/25 MP: 4/8
  1935 | D:2      | Noticed a moth of wrath
  1938 | D:2      | Found a bloodstained altar of Trog.
  2603 | D:3      | Gained mutation: You can fly continuously. [Tengu growth]
  2603 | D:3      | Reached XP level 5. HP: 30/30 MP: 5/10
  3754 | D:4      | Reached skill level 7 in Conjurations
  3870 | D:4      | Reached XP level 6. HP: 35/35 MP: 6/11
  3947 | D:4      | Found a staircase to the Ecumenical Temple.
  3958 | Temple   | Entered the Ecumenical Temple
  4281 | D:4      | Found a hide-covered altar of Uskayaw.
  4560 | D:4      | Noticed Natasha
  4562 | D:4      | Killed Natasha
  4674 | D:4      | Found a radiant altar of Vehumet.
  4674 | D:4      | Found a shadowy altar of Dithmenos.
  4675 | D:4      | Found a stormy altar of Qazlal.
  4681 | D:4      | Became a worshipper of Vehumet
  4763 | D:4      | Found a snail-covered altar of Cheibriados.
  4804 | D:4      | Noticed Natasha
  4814 | D:4      | Killed Natasha
  5154 | D:4      | Noticed Natasha
  5159 | D:4      | Killed Natasha
  5263 | D:5      | Entered Level 5 of the Dungeon
  5490 | D:5      | Slain by a gnoll sergeant

Illustrated notes

Levels and vault maps discovered:
D:1:      kb_arrival_jail, layout_basic, hex_large, hex_tiny,
          minmay_strange_pillars, kennysheep_another_room
D:2:      layout_loops_cross, tgw_trog, lemuel_round_altar,
          makhleb_heckhound_becter
D:3:      kb_forest_paths, layout_basic
D:4:      layout_layer_cave, old_standard_altar, overflow_temple_1_default,
          gammafunk_temple_overflow_claw, minmay_temple_entry_crystal_x,
          uniq_natasha
D:5:      layout_gridville, zin_angel, minmay_fractal_squares_diagonal_5
Temple:   compressed_dpeg_triangle_lava_temple

Skill      XL: |  1  2  3  4  5 |
---------------+----------------+-----
Fighting       | 1 2 |  2.6
Conjurations   | 6 7 |  7.6
Dodging        | 3 |  3.8
Spellcasting   | 3 |  3.3
Stealth        | |  2.0

Action                   |  1- 3 |  4- 6 || total
-------------------------+-------+-------++-------
Melee: Dagger            |    38 |    45 ||    83
       Peck              |     6 |     8 ||    14
       Kick              |     5 |     9 ||    14
       Flail             |       |    27 ||    27
 Cast: Magic Dart        |    19 |       ||    19
       Searing Ray       |     2 |    26 ||    28
 Abil: Fly               |       |     1 ||     1
  Use: Potion            |       |     2 ||     2
       Scroll            |       |     1 ||     1
 Stab: Sleeping          |     3 |     7 ||    10
Armor: Robe              |     7 |    13 ||    20
Dodge: Dodged            |    20 |    69 ||    89

Table legend: (Time is in decaauts)
 A = Elapsed time spent in this place.
 B = Non-inter-level travel time spent in this place.
 C = Inter-level travel time spent in this place.
 D = Time resting spent in this place.
 E = Time spent auto-exploring this place.
 F = Levels seen in this place.
 G = Mean time per level.
                   A        B        C        D        E       F      G
               +--------+--------+--------+--------+--------+-----+--------+
         Total |   5302 |   5203 |     99 |      0 |   4536 |   6 |  883.7 |
       Dungeon |   5036 |   4937 |     99 |      0 |   4318 |   5 | 1007.2 |
        Temple |    266 |    266 |      0 |      0 |    217 |   1 |  266.0 |
               +--------+--------+--------+--------+--------+-----+--------+

Top non-repeatable levels by time:
     D:3: 1508 daAuts
     D:4: 1288 daAuts
     D:1: 1023 daAuts
     D:2: 1003 daAuts
  Temple: 266 daAuts
     D:5: 211 daAuts
